 Seeded DCSS version 0.31-a0-208-gdb31a4691d (webtiles) character file.

Game seed: 11368340539538574604 (custom seed)

1 innerfire43 the Trooper (level 1, -1/18 HPs)
             Began as a Demonspawn Monk on June 28, 2023.
             Slain by a kobold
             ... wielding a +0 whip
              (3 damage)
             ... on level 1 of the Dungeon.
             The game lasted 00:00:06 (37 turns).

innerfire43 the Trooper (Demonspawn Monk)             Turns: 37, Time: 00:00:07

Health: -1/18      AC:  2    Str: 11    XL:     1   Next: 16%
Magic:  1/1        EV: 13    Int: 11    God:
Gold:   10         SH:  0    Dex: 15    Spells: 0/0 levels left

rFire   . . .        a - +0 mace
rCold   . . .        d - orb {light}
rNeg    . . .        b - +0 robe
rPois   .            (no helmet)
rElec   .            (no cloak)
rCorr   .            (no gloves)
SInv    .            (no boots)
Will    .....        (no amulet)
Stlth   +            (no ring)
HPRegen 0.23/turn    (no ring)
MPRegen 0.07/turn

%: no passive effects
@: glowing
A: no striking features
a: no special abilities


You were on level 1 of the Dungeon.
You visited 1 branch of the dungeon, and saw 1 of its levels.

You collected 10 gold pieces.

Inventory:

Hand Weapons
 a - a +0 mace (weapon)
Armour
 b - a +0 robe (worn)
 d - an orb of light (worn)
Potions
 c - a potion of ambrosia


   Skills:
 * Level 3.0 Fighting
 * Level 2.7 Maces & Flails
 + Level 2.7 Dodging


You couldn't memorise any spells.
You didn't know any spells.
Your spell library was empty.

Dungeon Overview and Level Annotations

Branches:
Dungeon (1/15)

Altars:


Message History

The hobgoblin hits you.
A hobgoblin is nearby!
You barely miss the hobgoblin.
The hobgoblin is almost dead.
The hobgoblin misses you.
You hit the hobgoblin.
You kill the hobgoblin!
HP restored.
You see here 3 stones.
You now have 10 gold pieces.
A kobold comes into view. It is wielding a +0 whip.
The kobold shouts!
You hear a shout!
A kobold is nearby!
A kobold opens the door.
There are monsters nearby!
The kobold hits you with a +0 whip.
There are monsters nearby!
You hit the kobold but do no damage. The kobold hits you with a +0 whip.
There are monsters nearby!
You hit the kobold but do no damage. The kobold hits you with a +0 whip.
You hit the kobold.
The kobold is severely wounded.
The kobold closely misses you.
A rat comes into view.
The kobold hits you with a +0 whip. x2; The kobold hits you but does no damage.
There are monsters nearby!
You are too injured to fight recklessly!
There are monsters nearby!
Unknown command.
You are too injured to fight recklessly!
Unknown command.
You barely miss the kobold.
The kobold is severely wounded.
The kobold hits you but does no damage. The kobold hits you with a +0 whip.
You closely miss the kobold.
The kobold is severely wounded.
The kobold hits you with a +0 dagger.
* * * LOW HITPOINT WARNING * * *
The kobold hits you with a +0 whip.
You die...

#. #. ### #. ...
########'####.#
#...........r.#
#.........KK..#
#..(......@..#
#########.......#+##
........'.......+
##..#####.......#
#...# #.†.....#
##<## #.......# ###
#......?# #########


You could see 2 kobolds and a rat.

Vanquished Creatures
  A hobgoblin (D:1)
1 creature vanquished.

Notes
Turn   | Place    | Note
-------+----------+-------------------------------------------
     0 | D:1      | innerfire43 the Demonspawn Monk began the quest for the
                  | Orb.
     0 | D:1      | Reached XP level 1. HP: 18/18 MP: 1/1
    37 | D:1      | Slain by a kobold

Illustrated notes

Levels and vault maps discovered:
D:1:      saegor_arrival_simple_a, layout_basic, serial_shops, shop

Action                     || total
---------------------------++-------
  Melee: Mace              ||     9
 Armour: Robe              ||     2
  Dodge: Dodged            ||     3

Table legend: (Time is in decaauts)
 A = Elapsed time spent in this place.
 B = Non-inter-level travel time spent in this place.
 C = Inter-level travel time spent in this place.
 D = Time resting spent in this place.
 E = Time spent auto-exploring this place.
 F = Levels seen in this place.
 G = Mean time per level.
                   A        B        C        D        E       F      G
               +--------+--------+--------+--------+--------+-----+--------+
         Total |     39 |     39 |      0 |      0 |     22 |   1 |   39.0 |
       Dungeon |     39 |     39 |      0 |      0 |     22 |   1 |   39.0 |
               +--------+--------+--------+--------+--------+-----+--------+

Top non-repeatable levels by time:
     D:1: 39 daAuts
